 Dungeon Crawl Stone Soup version 0.27-a0-1154-gfdeffcb720 (webtiles) character file.

Game seed: 15044237562805012962

47 ZappyNine the Skirmisher (level 3, -5/24 HPs)
             Began as a Tengu Fighter on May 14, 2021.
             Slain by a gnoll
             ... wielding a +0 spear
              (6 damage)
             ... on level 2 of the Dungeon.
             The game lasted 00:01:38 (1512 turns).

ZappyNine the Skirmisher (Tengu Fighter)            Turns: 1512, Time: 00:01:39

Health: -5/24      AC:  8    Str: 16    XL:     3   Next: 70%
Magic:  4/4        EV:  3    Int:  9    God:
Gold:   19         SH:  0    Dex: 13    Spells: 2/2 levels left

rFire    . . .     SeeInvis .   a - +0 flail
rCold    . . .     Faith    .   c - +0 kite shield
rNeg     . . .     Spirit   .   b - +0 scale mail
rPois    .         Reflect  .   (helmet restricted)
rElec    .         Harm     .   k - +0 cloak
rCorr    .         Rampage  .   (no gloves)
Will     .....                  (boots unavailable)
Stlth    ..........             (no amulet)
HPRegen  0.08/turn              (no ring)
MPRegen  0.09/turn              (no ring)

@: mighty, held
A: beak, talons 3
a: no special abilities


You were on level 2 of the Dungeon.
You visited 1 branch of the dungeon, and saw 2 of its levels.

You collected 19 gold pieces.

Inventory:

Hand Weapons
 a - a +0 flail (weapon)
Armour
 b - a +0 scale mail (worn)
 c - a +0 kite shield (worn)
 k - a +0 cloak (worn)
Scrolls
 e - 2 scrolls of identify {unknown}
 f - a scroll of blinking {unknown}
 i - 2 scrolls of teleportation {unknown}
 j - a scroll of magic mapping {unknown}
 l - a scroll of brand weapon {unknown}
 m - a scroll of vulnerability {unknown}
Potions
 d - a potion of might
 g - a potion of degeneration {unknown}
 h - a potion of magic {unknown}
 n - a potion of brilliance {unknown}


   Skills:
 + Level 3.8 Fighting
 + Level 3.4 Maces & Flails
 - Level 3.2 Armour
 - Level 3.0 Shields


You had 2 spell levels left.
You didn't know any spells.
Your spell library contained the following spells:

 Spells                   Type           Power      Damage    Failure   Level
 Corona                   Hex            0%         N/A       100%        1
 Slow                     Hex            0%         N/A       100%        2
 Ignite Poison            Fire/Tmut/Pois 0%         N/A       100%        3
 Portal Projectile        Hex/Tloc       0%         N/A       100%        3
 Metabolic Englaciation   Hex/Ice        0%         N/A       100%        5
 Statue Form              Tmut/Erth      0%         N/A       100%        6


Dungeon Overview and Level Annotations

Branches:
Dungeon (2/15)

Altars:

Shops:
D:2 :


Innate Abilities, Weirdness & Mutations

You have a beak for a mouth.
You have claws for feet.


Message History

You block the ball python's attack. The gnoll hits you but does no damage.
You hit the ball python. Your kick misses the ball python.
Your peck misses the ball python.
The ball python is moderately wounded.
The ball python bites you. The ball python grabs you.
The ball python constricts you.
The ball python bites you but does no damage.
The ball python constricts you.
The gnoll hits you from afar with a +0 spear.
The gnoll hits you from afar with a +0 halberd!
* * * LOW HITPOINT WARNING * * *
You escape the ball python's grasp.
You block the ball python's attack. x2
The ball python bites you but does no damage.
You block the ball python's attack. You block the ball python's attack. x2
The ball python barely misses you. You block the ball python's attack.
The ball python bites you.
* * * LOW HITPOINT WARNING * * *
The ball python grabs you. The ball python constricts you.
You escape the ball python's grasp.
The ball python closely misses you. The ball python grabs you.
The ball python constricts you.
The ball python's grasp on you weakens, but your attempt to escape fails.
The ball python barely misses you. The ball python constricts you.
You feel very mighty all of a sudden.
The ball python bites you but does no damage.
The ball python constricts you. The gnoll hits you but does no damage.
You sock the ball python!
You kill the ball python!
You block the gnoll's attack.
The gnoll throws a throwing net.
The throwing net hits you.
You become entangled in the net!
You see here a throwing net.
You struggle against the net.
The gnoll hits you from afar with a +0 spear.
* * * LOW HITPOINT WARNING * * *
You tear a large gash into the net.
The gnoll hits you from afar with a +0 spear.
You die...

####### ##### #.....# #....
#.###.# ####### #.###
#.###.####### #.....# #.#
#.##........####.###.#####.###
#.##.........@.g.# #.......g..
#.##..####.####..###.#####.##.
#.##..# #.# #..g.g..# #.##.
#.....####.# ##...#### #...g
####....##.# ##.## ####.
#.##.##.# #.# #. #.##.##.# #.#
#. #.#####.##.##.# ##+# #g
#.............# #...# #.


You could see 3 gnolls.

Vanquished Creatures
  A worm (D:2)
  2 dart slugs (D:1)
  3 bats
  2 endoplasms
  A giant cockroach (D:2)
  3 goblins
  3 hobgoblins
  7 jackals (D:1)
  6 ball pythons
  2 frilled lizards (D:1)
  A kobold (D:1)
  5 rats
36 creatures vanquished.

Notes
Turn   | Place    | Note
-------+----------+-------------------------------------------
     0 | D:1      | ZappyNine the Tengu Fighter began the quest for the Orb.
     0 | D:1      | Reached XP level 1. HP: 14/14 MP: 2/2
   231 | D:1      | Reached XP level 2. HP: 19/19 MP: 3/3
   738 | D:1      | Reached XP level 3. HP: 20/23 MP: 4/4
  1185 | D:2      | Found Xirhushyr's Book Shoppe.
  1301 | D:2      | Identified the Papyrus of Execration and Shape Shifting
  1511 | D:2      | HP: 1/24 [gnoll/+0 spear (4)]
  1512 | D:2      | Slain by a gnoll

Illustrated notes

Levels and vault maps discovered:
D:1:      dpeg_arrival_ternary, layout_loops_ring
D:2:      layout_loops_corners, shapermc_ecumenical_altar_hornbeckon,
          serial_shops, nicolae_shop_waterfront, nicolae_shop_stone

Skill      XL: |  1  2 |
---------------+-------+-----
Maces & Flails | 3 |  3.4
Fighting       | |  3.8
Armour         | |  3.2
Shields        | |  3.0

Action                   || total
-------------------------++-------
Melee: Flail             ||    93
       Kick              ||    14
       Peck              ||    13
  Use: Potion            ||     1
Armor: Scale mail        ||    51
Dodge: Dodged            ||    26
Block: Kite shield       ||    46

Table legend: (Time is in decaauts)
 A = Elapsed time spent in this place.
 B = Non-inter-level travel time spent in this place.
 C = Inter-level travel time spent in this place.
 D = Time resting spent in this place.
 E = Time spent auto-exploring this place.
 F = Levels seen in this place.
 G = Mean time per level.
                   A        B        C        D        E       F      G
               +--------+--------+--------+--------+--------+-----+--------+
         Total |   1558 |   1508 |     50 |    257 |    970 |   2 |  779.0 |
       Dungeon |   1558 |   1508 |     50 |    257 |    970 |   2 |  779.0 |
               +--------+--------+--------+--------+--------+-----+--------+

Top non-repeatable levels by time:
     D:1: 1116 daAuts
     D:2: 441 daAuts
